 Dungeon Crawl Stone Soup version 0.29.1-1-gd02db6906a (webtiles) character file.

Game seed: 7342849644154939194

538008 ToffieWolf the Conqueror (level 24, -10/249 HPs)
             Began as a Minotaur Berserker on Sept 11, 2022.
             Was the Champion of Trog.
             Mangled by a rockslime (19 damage)
             ... created by the Royal Jelly
             ... on level 4 of the Pits of Slime on Oct 1, 2022.
             The game lasted 06:23:24 (62440 turns).

ToffieWolf the Conqueror (Minotaur Berserker)      Turns: 62440, Time: 06:23:24

Health: -10/249    AC: 43    Str: 44    XL:     24   Next: 64%
Magic:  0/22       EV: 10    Int: 11    God:    Trog [******]
Gold:   6108       SH: 30    Dex:  9    Spells: 23/23 levels left

rFire   + + +      SeeInvis .   D - +12 broad axe "Hyppubetz" {speed, rPois rC+ Str+6 Dex-4}
rCold   + . .      Faith    .   C - +7 tower shield "Kaabanir" {Int+3}
rNeg    + + .      Spirit   +   n - +9 plate armour {rF+}
rPois   +          Reflect  .   J - +2 hat {Will+}
rElec   .          Harm     .   y - +2 cloak {Will+}
rCorr   +          Rampage  .   W - +2 pair of gloves "Voydete" {rF+ Will++}
Will    +++++                   X - +1 pair of boots of Sloth {rPois rF- rN+ rCorr}
Stlth   ..........              j - amulet of Tattyas {Spirit Regen+ Int+4}
HPRegen 2.31/turn               l - ring "Ecaronug" {rF++ rN+ Will+}
MPRegen 0.18/turn               F - ring "Zolyri" {rCorr Str+7 Slay+3}

@: engulfed (cannot breathe), strong-willed, regenerating
A: horns 2, retaliatory headbutt, inability to drink after injury 1, inability
to read after injury 1
}: 3/15 runes: decaying, silver, gossamer
a: Renounce Religion, Berserk, Trog's Hand, Brothers in Arms


You were on level 4 of the Pits of Slime.
You worshipped Trog.
Trog was exalted by your worship.
You visited 9 branches of the dungeon, and saw 44 of its levels.
You also visited: Trove, Sewer, Ossuary, Bailey and Ice Cave.

You collected 6978 gold pieces.
You spent 870 gold pieces at shops.

Inventory:

Hand Weapons
 D - the +12 broad axe "Hyppubetz" (weapon) {speed, rPois rC+ Str+6 Dex-4}
   (You acquired it on level 3 of the Spider Nest)

   Attacks with this weapon are significantly faster.
   Str:       It affects your strength (+6).
   Dex:       It affects your dexterity (-4).
   rC:        It protects you from cold.
   rPois:     It protects you from poison.
 S - a +1 eveningstar of holy wrath
Missiles
 H - 5 silver javelins (quivered)
Armour
 n - a +9 plate armour of fire resistance (worn)
 s - a +1 crystal plate armour
 y - a +2 cloak of willpower (worn)
 C - the +7 tower shield "Kaabanir" (worn) {Int+3}
   (You acquired it on level 14 of the Dungeon)

   Int:       It affects your intelligence (+3).
 J - a +2 hat of willpower (worn)
 M - the +10 tower shield of Ignorance {rN+ Int-4}
   (You found it on level 3 of the Elven Halls)

   Int:       It affects your intelligence (-4).
   rN:        It protects you from negative energy.
 W - the +2 pair of gloves "Voydete" (worn) {rF+ Will++}
   (You found it on level 3 of the Spider Nest)

   rF:        It protects you from fire.
   Will:      It greatly increases your willpower.
 X - the +1 pair of boots of Sloth (worn) {rPois rF- rN+ rCorr}
   (You acquired it on level 3 of the Spider Nest)

   rF:        It makes you vulnerable to fire.
   rPois:     It protects you from poison.
   rN:        It protects you from negative energy.
   rCorr:     It protects you from acid and corrosion.
Jewellery
 a - the ring "Viasmeyh" {rElec rC- Will+ Int+6 SInv}
   (You found it in a treasure trove)

   [ring of intelligence]

   Int:       It affects your intelligence (+6).
   rC:        It makes you vulnerable to cold.
   rElec:     It insulates you from electricity.
   SInv:      It lets you see invisible.
   Will:      It increases your willpower.
 d - a +4 ring of slaying
 j - the amulet of Tattyas (around neck) {Spirit Regen+ Int+4}
   (You found it in a treasure trove)

   [amulet of guardian spirit]

   It causes incoming damage to be divided between your reserves of health and
   magic.
   Int:       It affects your intelligence (+4).
   Regen:     It increases your rate of health regeneration.
 l - the ring "Ecaronug" (left hand) {rF++ rN+ Will+}
   (You found it in a treasure trove)

   [ring of willpower]

   rF:        It greatly protects you from fire.
   rN:        It protects you from negative energy.
   Will:      It increases your willpower.
 m - the ring "Ehogg" {Will+ rCorr Str+6 Dex-3}
   (You took it off a yaktaur captain on level 5 of the Vaults)

   [ring of willpower]

   Str:       It affects your strength (+6).
   Dex:       It affects your dexterity (-3).
   rCorr:     It protects you from acid and corrosion.
   Will:      It increases your willpower.
 F - the ring "Zolyri" (right hand) {rCorr Str+7 Slay+3}
   (You found it on level 5 of the Dungeon)

   [ring of resist corrosion]

   Str:       It affects your strength (+7).
   Slay:      It affects your accuracy & damage with ranged weapons and melee
   (+3).
   rCorr:     It protects you from acid and corrosion.
 G - a ring of protection from cold
 N - the ring "Suedghuwk" {rF+++ MP+9 Int+5 Dex-5}
   (You found it on level 5 of the Lair of Beasts)

   [ring of magical power]

   Int:       It affects your intelligence (+5).
   Dex:       It affects your dexterity (-5).
   rF:        It renders you almost immune to fire.
   MP:        It affects your magic capacity (+9).
 U - the ring of Light {rF+ rC+ rCorr}
   (You found it in an ice cave)

   [ring of protection from cold]

   rF:        It protects you from fire.
   rC:        It protects you from cold.
   rCorr:     It protects you from acid and corrosion.
Wands
 o - a wand of iceblast (23)
 A - a wand of mindburst (8)
 V - a wand of digging (6)
 Y - a wand of flame (8)
Scrolls
 f - a scroll of noise
 g - 34 scrolls of identify
 q - 7 scrolls of fog
 t - 4 scrolls of poison
 u - 2 scrolls of summoning
 v - 29 scrolls of teleportation
 w - 7 scrolls of fear
 E - a scroll of blinking
 I - 2 scrolls of enchant weapon
 R - 11 scrolls of magic mapping
 T - a scroll of silence
Potions
 b - 4 potions of cancellation
 e - 18 potions of might
 i - 3 potions of resistance
 k - 8 potions of heal wounds
 p - 15 potions of curing
 B - 6 potions of haste
 L - 4 potions of invisibility
 P - a potion of flight
Miscellaneous
 c - a tin of tremorstones (2/2)
 h - a box of beasts
 r - a phial of floods
 z - a condenser vane
 K - a lightning rod (4/4)


   Skills:
 O Level 27 Fighting
 + Level 26.7 Axes
 + Level 25.0 Armour
 - Level 2.1 Dodging
 O Level 27 Shields
 + Level 1.4 Evocations


You had 23 spell levels left.
You didn't know any spells.
Your spell library was empty.

Dungeon Overview and Level Annotations

Branches:
Dungeon (15/15)            Temple (1/1) D:5            Lair (5/5) D:9
  Swamp (4/4) Lair:3       Spider (4/4) Lair:3        Slime (5/5) Lair:4
    Orc (2/2) D:9             Elf (3/3) Orc:2        Vaults (5/5) D:13
  Crypt (0/3) Vaults:2     Depths (0/4) D:15          Sewer (visited)
Ossuary (visited)          Bailey (visited)           IceCv (visited)

Altars:
Ashenzari
Cheibriados
Dithmenos
Elyvilon
Fedhas
Gozag
Hepliaklqana
Kikubaaqudgha
Makhleb
Nemelex Xobeh
Okawaru
Qazlal
Ru
Sif Muna
Trog
Uskayaw
Vehumet
Wu Jian
Xom
Yredelemnul
Zin
The Shining One

Shops:
D:4 *   D:6 ([   D:7 (   D:10 ?**   D:13 *   Orc:2 (*((   Vaults:1 *
Vaults:4 (

Annotations:
Slime:5 Royal Jelly


Innate Abilities, Weirdness & Mutations

You have a pair of horns on your head.
You reflexively headbutt those who attack you in melee.
You occasionally lose the ability to drink potions when taking damage.
You occasionally lose the ability to read scrolls when taking damage.


Message History

The acid corrodes you!
Your hands burn!
* * * LOW HITPOINT WARNING * * *
You hit the acid blob.
Your hands burn!
* * * LOW HITPOINT WARNING * * *
You barely miss the rockslime. You slash the rockslime!
You hit the quicksilver ooze but do no damage.
You slice the quicksilver ooze!!
* * * LOW HITPOINT WARNING * * *
Your lungs strain for air!
You block the quicksilver ooze's attack. x2
The acid blob spits acid at you. The splash of acid hits you. You resist.
* * * LOW HITPOINT WARNING * * *
The acid corrodes you! The rockslime hits you!
* * * LOW HITPOINT WARNING * * *
You hold your ground!
The acid blob hits you but does no damage.
You block the quicksilver ooze's attack.
The quicksilver ooze hits you but does no damage.
You block the rockslime's attack.
You cannot read scrolls while unable to breathe!
Okay, then.
You cannot read scrolls while unable to breathe!
You cannot read scrolls while unable to breathe!
Your magical effects are unravelling.
You feel magically purged.
* * * LOW HITPOINT WARNING * * *
Your lungs strain for air!
You are no longer corroded.
The quicksilver ooze barely misses you.
You block the quicksilver ooze's attack. x2
The quicksilver ooze hits you but does no damage.
You block the rockslime's attack.
The acid blob jiggles.
You block the acid blob's attack. The acid blob spits acid at you.
The splash of acid hits you. You resist.
* * * LOW HITPOINT WARNING * * *
The rockslime hits you!!
You die...

##.....#.##......###..#.....
#...............###....#....
##.#...........#####....#... ##
##..............#####.#....
.######.#..............##........
...................#..##.........
..............#..................
...........#...JJJ...............
..........#.....@.<....<..#.##...
#...##.###^....JJJ...........#..^
#..######.................#.###.#
...# ##.#..........#....####.#
#.## #####..............##... ###
###................#..#
##.............#.......#
#...........#.###.......
##..........#.##.##......


You could see 2 acid blobs, 2 rockslimes and 2 quicksilver oozes.

Vanquished Creatures
  3 dread liches (Vaults:5)
  An ancient lich (Vaults:5)
  Mara (Vaults:5)
  Sojobo (Vaults:5)
  Boris (Vaults:5)
  Frederick (Vaults:5)
  Margery (Vaults:4)
  Arachne (Spider:2)
  A bone dragon (Vaults:2)
  2 liches
  Mlioglotl (Spider:4)
  4 tentacled monstrosities
  2 quicksilver dragons
  2 deep elf master archers (Elf:3)
  4 titans (Vaults:5)
  18 acid blobs
  6 sphinxes
  4 deep elf blademasters
  5 shadow dragons
  3 thorn hunters
  6 tengu reavers (Vaults:5)
  5 rockslimes
  5 azure jellies
  9 deep elf sorcerers
  8 emperor scorpions
  4 fire giants (Vaults:5)
  2 frost giants (Vaults:5)
  3 orc warlords
  2 ghost moths (Spider:4)
  15 vault wardens
  6 deep elf elementalists (Elf:3)
  5 stone giants
  13 quicksilver oozes
  8 very ugly things
  21 ironbound preservers
  7 ironbound thunderhulks
  4 war gargoyles
  4 broodmothers
  An eleionoma (Swamp:1)
  8 entropy weavers
  6 bunyips
  8 dire elephants
  Azrael (D:14)
  A bunyip (shapeshifter) (Vaults:4)
  5 deep elf demonologists
  10 deep elf annihilators
  3 spark wasps
  3 fire dragons (Swamp:4)
  7 deep elf death magi
  5 ettins
  2 shambling mangroves (Swamp:2)
  3 deep elf high priests
  15 yaktaur captains
  8 great orbs of eyes
  Harold (D:9)
  22 hydras
  9 boulder beetles
  A peacekeeper (Vaults:4)
  2 rakshasas (D:15)
  40 vault guards
  3 ogre magi (Vaults:5)
  A catoblepas (D:13)
  10 ironbound frosthearts
  13 two-headed ogres
  2 ghost crabs
  A caustic shrike simulacrum (IceCv)
  10 centaur warriors
  36 dancing weapons
  2 radroaches
  19 death yaks
  8 alligators
  A death knight (D:13)
  2 tengu warriors
  The ghost of ioannis32 the Covered, a novice DsBe of Trog (D:8)
  2 shock serpents (shapeshifter)
  6 orc high priests
  21 deep elf knights
  7 hell knights
  A sun moth (Spider:1)
  2 goliath frogs (Swamp:1)
  3 pharaoh ants
  41 deep trolls
  A death drake (shapeshifter) (D:15)
  A fire crab (shapeshifter) (Vaults:4)
  9 orb spiders
  8 steelbarb worms
  Pikel (D:5)
  8 deep elf archers
  15 ironbound convokers
  2 flayed ghosts
  An obsidian statue (IceCv)
  8 bog bodies
  11 wizards
  10 phantasmal warriors
  2 spriggan simulacra (IceCv)
  10 swamp dragons
  22 lindwurms
  3 glowing orange brains
  6 necromancers
  29 deep elf zephyrmancers
  29 wolf spiders
  6 large abominations (Elf:1)
  34 deep elf pyromancers
  4 orc sorcerers
  3 harpies (Vaults:1)
  4 will-o-the-wisps
  49 ugly things
  17 orc knights
  2 shining eyes
  3 cyclopes
  8 manticores
  9 elephants
  4 moths of wrath
  22 vault sentinels
  4 black mambas
  2 eyes of devastation
  4 torpor snails
  14 cane toads
  13 rime drakes
  4 kobold demonologists
  8 komodo dragons
  2 efreet
  27 yaktaurs
  12 demonic crawlers
  An ice devil (IceCv)
  18 freezing wraiths
  An elf (Vaults:3)
  9 trolls
  3 anaconda simulacra (IceCv)
  2 golden dragon simulacra (IceCv)
  7 meliai
  A tarantella (shapeshifter) (D:13)
  11 tyrant leeches
  10 polar bears
  A bloated husk (Swamp:2)
  A wind drake (shapeshifter) (D:13)
  27 tarantellas
  32 blink frogs
  17 hornets
  69 slime creatures
  4 dream sheep
  A snapping turtle (shapeshifter) (Vaults:5)
  A dream sheep (shapeshifter) (D:13)
  A raiju (Lair:5)
  2 shadows
  3 air elementals
  31 jumping spiders
  3 water elementals
  23 culicivoras
  2 wraiths
  3 dire elephant simulacra (IceCv)
  2 vampires
  15 spriggans
  7 wyverns
  66 yaks
  7 fire elementals
  2 golden eyes (Slime:1)
  5 basilisks
  21 humans (D:13)
  107 redbacks
  23 vampire mosquitoes
  19 steam dragons
  8 wargs
  Menkaure (D:5)
  A harpy simulacrum (IceCv)
  15 swamp worms
  6 acid dragons
  19 hell hounds
  10 water moccasins
  A hydra simulacrum (IceCv)
  Duvessa (D:4)
  42 orc warriors
  8 swamp drakes
  13 black bears
  A sky beast (D:6)
  An ice beast (D:6)
  3 boggarts (Vaults:4)
  5 alligator simulacra (IceCv)
  25 wolves
  8 centaurs
  A centaur (shapeshifter) (Vaults:5)
  2 lemures (D:5)
  17 ogres
  2 phantoms
  7 kobold brigands
  4 elf zombies (Elf:1)
  12 bullfrogs
  7 gnoll sergeants
  4 earth elementals
  13 scorpions
  3 deep troll simulacra (IceCv)
  8 wights
  Dowan (D:4)
  12 killer bees
  6 lindwurm simulacra (IceCv)
  16 howler monkeys
  3 electric eels
  2 centaur zombies (Ossuary)
  30 orc priests
  9 hounds
  4 human zombies (Ossuary)
  A gnoll bouda (D:8)
  A jelly (D:7)
  An iguana (D:4)
  4 scorpion zombies (Ossuary)
  18 orc wizards
  A hell rat (Sewer)
  4 mummies
  17 gnolls
  7 adders
  3 river rats
  A shadow imp (D:6)
  4 white imps
  2 dart slugs
  81 orcs
  6 ball pythons
  6 endoplasms
  6 giant cockroaches
  4 hobgoblins
  7 jackals
  27 kobolds
  2 quokkas
  5 bats
  6 frilled lizards
  2 gnoll zombies (Ossuary)
  10 goblins
  A goblin zombie (Ossuary)
  4 hobgoblin zombies
  3 kobold zombies
  An orc zombie (Ossuary)
  11 rats
2108 creatures vanquished.

Vanquished Creatures (collateral kills)
  2 azure jellies (Slime:5)
  A rockslime (Slime:5)
3 creatures vanquished.

Vanquished Creatures (others)
  A ghost moth (Spider:4)
  A wizard (Vaults:3)
  A deep elf zephyrmancer (Elf:2)
  2 bloated husks
  A jumping spider (Spider:1)
  A redback (Spider:1)
  A vampire mosquito (Swamp:4)
  4 swamp drakes (Swamp:4)
  An orc wizard (Orc:2)
  An orc (D:9)
  A briar patch (Swamp:3)
  14 foxfires
  58 fungi
  111 plants
198 creatures vanquished.

Grand Total: 2309 creatures vanquished

Notes
Turn   | Place    | Note
-------+----------+-------------------------------------------
     0 | D:1      | ToffieWolf the Minotaur Berserker began the quest for the
                  | Orb.
     0 | D:1      | Reached XP level 1. HP: 19/19 MP: 0/0
   154 | D:1      | Reached XP level 2. HP: 25/26 MP: 1/1
   630 | D:1      | Reached skill level 5 in Axes
   648 | D:1      | Reached XP level 3. HP: 29/31 MP: 2/2
   681 | D:1      | Reached ** piety under Trog
  1881 | D:3      | Noticed a black bear
  1886 | D:3      | Killed a black bear
  1887 | D:3      | Reached XP level 4. HP: 35/39 MP: 3/3
  1887 | D:3      | Reached XP level 5. HP: 41/45 MP: 4/4
  1955 | D:3      | Found a sacrificial altar of Ru.
  2173 | D:3      | Found a glowing drain.
  2198 | Sewer    | Entered a sewer
  3155 | D:4      | Reached XP level 6. HP: 51/51 MP: 5/5
  3183 | D:4      | Found an iron altar of Okawaru.
  3546 | D:4      | Reached XP level 7. HP: 39/57 MP: 6/6
  3813 | D:4      | Identified the +1 robe of Insatiable Hunger {Harm Will+
                  | Str-5 Archmagi}
  3847 | D:4      | Reached skill level 10 in Axes
  3867 | D:4      | Noticed Dowan
  3868 | D:4      | Noticed Duvessa
  3895 | D:4      | Killed Dowan
  3951 | D:4      | Killed Duvessa
  3995 | D:4      | Found Niazebem's Mass Market.
  4077 | D:4      | Found a shadowy altar of Dithmenos.
  4395 | D:5      | Entered Level 5 of the Dungeon
  4503 | D:5      | Reached XP level 8. HP: 44/64 MP: 7/7
  4812 | D:5      | Noticed a troll
  5107 | D:5      | Noticed Menkaure
  5115 | D:5      | Killed Menkaure
  5124 | D:5      | Found a sand-covered staircase.
  5132 | Ossuary  | Entered an ossuary
  5630 | Ossuary  | Reached XP level 9. HP: 70/70 MP: 8/8
  5803 | D:5      | Found a burning altar of Makhleb.
  5894 | D:5      | Noticed Pikel
  5903 | D:5      | Killed Pikel
  5904 | D:5      | Reached skill level 15 in Axes
  6037 | D:5      | Identified the ring "Zolyri" {rCorr Str+7 Slay+3}
  6052 | D:5      | Found a staircase to the Ecumenical Temple.
  6057 | Temple   | Entered the Ecumenical Temple
  6308 | D:5      | Killed a troll
  6845 | D:5      | Found an ancient bone altar of Kikubaaqudgha.
  6851 | D:5      | Found a glowing silver altar of Zin.
  6852 | D:5      | Found an opulent altar of Gozag.
  6853 | D:5      | Found a basalt altar of Yredelemnul.
  7994 | D:6      | Found Qeul's Antique Armour Shop.
  8084 | D:6      | Reached skill level 5 in Fighting
  8084 | D:6      | Reached skill level 5 in Armour
  8096 | D:6      | Reached XP level 10. HP: 81/81 MP: 9/9
  8207 | D:6      | Found Cuimuehy's Antique Weapon Boutique.
  8753 | D:7      | Noticed a boulder beetle
  8765 | D:7      | Killed a boulder beetle
  9524 | D:7      | Found Gaizoenu's Hydra Hut.
  9528 | D:7      | Noticed a six-headed hydra
  9716 | D:8      | Found a runed translucent door.
  9741 | D:8      | Reached *** piety under Trog
  9876 | D:8      | Found a flagged portal.
  9962 | Bailey   | Entered a bailey
 10431 | Bailey   | Noticed a two-headed ogre
 10439 | Bailey   | Killed a two-headed ogre
 10520 | Bailey   | Identified the +2 ice dragon scales of Charmed Mirth {rF-
                  | rC++ rN++ Regen+ Int+2 Dex-5}
 10538 | Bailey   | Reached skill level 10 in Armour
 10538 | Bailey   | Reached XP level 11. HP: 64/95 MP: 10/10
 10818 | D:8      | Reached skill level 1 in Shields
 11162 | D:8      | Noticed a purple ugly thing
 11184 | D:8      | Killed a purple ugly thing
 11348 | D:8      | Identified the +1 spear of Disintegration {vamp, rElec
                  | rPois rC- Stlth+}
 11424 | D:8      | Noticed ioannis32's ghost (novice DsBe)
 11438 | D:8      | Killed ioannis32's ghost
 11951 | D:9      | Noticed a two-headed ogre
 11957 | D:9      | Killed a two-headed ogre
 11958 | D:9      | Reached skill level 10 in Fighting
 12074 | D:9      | Found a broken altar of Ashenzari.
 12100 | D:9      | Noticed a two-headed ogre
 12109 | D:9      | Killed a two-headed ogre
 12236 | D:9      | Identified the +7 flail of Incongruity {freeze, Str+5}
 12338 | D:9      | Noticed a two-headed ogre
 12347 | D:9      | Killed a two-headed ogre
 12422 | D:9      | Noticed Harold
 12433 | D:9      | Killed Harold
 12481 | D:9      | Found a staircase to the Lair.
 12584 | D:9      | Found a staircase to the Orcish Mines.
 13033 | D:9      | Reached XP level 12. HP: 110/110 MP: 11/11
 13065 | D:9      | Found a hazy altar of Hepliaklqana.
 13066 | D:9      | Noticed a two-headed ogre
 13074 | D:9      | Killed a two-headed ogre
 13251 | D:10     | Entered Level 10 of the Dungeon
 13394 | D:10     | Noticed a two-headed ogre
 13407 | D:10     | Killed a two-headed ogre
 13483 | D:10     | Noticed a tengu warrior
 13536 | D:10     | Killed a tengu warrior
 13865 | D:10     | Noticed a seven-headed hydra
 13877 | D:10     | Killed an eight-headed hydra
 13878 | D:10     | Reached **** piety under Trog
 14119 | D:10     | Found Evaodgh's Magic Scroll Emporium.
 14149 | D:10     | Found Biaki's Assorted Antiques.
 14153 | D:10     | Bought a distressingly furry kite shield for 266 gold
                  | pieces
 14153 | D:10     | Identified the +4 kite shield "Ways" {Str+2} (You bought it
                  | in a shop on level 10 of the Dungeon)
 14279 | D:10     | Reached skill level 5 in Shields
 14353 | D:10     | Found a bloodstained altar of Trog.
 14628 | D:10     | Found Yvyvvear's Assorted Antiques.
 14781 | D:11     | Noticed a two-headed ogre
 14788 | D:11     | Killed a two-headed ogre
 16866 | Orc:1    | Entered Level 1 of the Orcish Mines
 17287 | Orc:1    | Reached XP level 13. HP: 99/119 MP: 12/12
 17948 | Orc:2    | Entered Level 2 of the Orcish Mines
 18629 | Orc:2    | Gained mutation: You occasionally lose the ability to drink
                  | potions when taking damage. [a neqoxec]
 18884 | Orc:2    | Found a staircase to the Elven Halls.
 19062 | Orc:2    | Reached skill level 15 in Armour
 19692 | Orc:2    | Found Ikotech's Weapon Shoppe.
 19692 | Orc:2    | Found Cirifyt's Weapon Shoppe.
 19693 | Orc:2    | Found Timaps's Weapon Shoppe.
 19693 | Orc:2    | Found Hijoepoc's General Store.
 20131 | Elf:1    | Entered Level 1 of the Elven Halls
 20316 | D:10     | Bought a scroll of enchant armour for 97 gold pieces
 20316 | D:10     | Bought a scroll of identify for 26 gold pieces
 20316 | D:10     | Bought a scroll of identify for 26 gold pieces
 20316 | D:10     | Bought a scroll of enchant armour for 97 gold pieces
 20316 | D:10     | Bought a scroll of identify for 26 gold pieces
 20316 | D:10     | Bought a scroll of identify for 26 gold pieces
 20400 | D:6      | Bought a pair of glowing gloves for 270 gold pieces
 20493 | D:10     | Bought a scroll of identify for 36 gold pieces
 20578 | Lair:1   | Entered Level 1 of the Lair of Beasts
 22610 | Lair:3   | Reached XP level 14. HP: 133/133 MP: 13/13
 22913 | Lair:3   | Reached skill level 15 in Fighting
 23333 | Lair:3   | Found a hole to the Spider Nest.
 23416 | Lair:3   | Found a staircase to the Swamp.
 23451 | Lair:3   | Reached ***** piety under Trog
 23753 | Lair:4   | Reached skill level 10 in Shields
 24786 | Lair:4   | Found a runed translucent door.
 24786 | Lair:4   | Noticed an acid blob
 24787 | Lair:4   | Found a staircase to the Slime Pits.
 24796 | Lair:4   | Killed an acid blob
 25066 | Lair:5   | Entered Level 5 of the Lair of Beasts
 25435 | Lair:5   | Reached XP level 15. HP: 147/147 MP: 14/14
 25870 | Lair:5   | Identified the ring "Suedghuwk" {rF+++ MP+9 Int+5 Dex-5}
 26283 | Lair:5   | Received a gift from Trog
 28527 | D:13     | Identified the +5 ring mail of Restlessness {MP-9 Str+2
                  | Int+9}
 28597 | D:13     | Identified the +11 rapier "Byadioff" {protect, +Blink rPois
                  | rCorr MP-9}
 28610 | D:13     | Identified the +7 falchion of Havoc {venom, Dex+2}
 28874 | D:13     | Reached XP level 16. HP: 158/160 MP: 15/15
 28982 | D:13     | Received a gift from Trog
 29162 | D:13     | Found a portal to a secret trove of treasure.
 29169 | D:13     | Identified the +2 buckler of the Countless Places {rC+
                  | Int+3}
 29862 | D:13     | Found Zoudituh's Overcharged Wands.
 30653 | D:13     | Found a gate to the Vaults.
 30660 | D:13     | Reached skill level 15 in Shields
 30904 | D:14     | Noticed Azrael
 30916 | D:14     | Killed Azrael
 31361 | D:14     | Found a frozen archway.
 31372 | IceCv    | Entered an ice cave
 31732 | IceCv    | Identified the +0 pair of gloves "Leyrr" {Will+ Str+2}
 31753 | IceCv    | Identified a scroll of acquirement
 31772 | IceCv    | Found an ancient bone altar of Kikubaaqudgha.
 32135 | IceCv    | Noticed a lich
 32143 | IceCv    | Killed a lich
 32201 | IceCv    | Identified the ring of Light {rF+ rC+ rCorr}
 32327 | D:14     | Acquired the +7 tower shield "Kaabanir" {Int+3}
 32860 | D:15     | Entered Level 15 of the Dungeon
 33390 | D:15     | Identified the +6 broad axe "Bosepp" {flame, rF- rCorr
                  | Str+8 Stlth+} (Trog gifted it to you on level 15 of the
                  | Dungeon)
 33390 | D:15     | Received a gift from Trog
 33398 | D:15     | Reached XP level 17. HP: 172/172 MP: 16/16
 33764 | D:15     | Found a staircase to the Depths.
 34492 | Spider:1 | Entered Level 1 of the Spider Nest
 35771 | Spider:2 | Noticed Arachne
 35786 | Spider:2 | Received a gift from Trog
 35787 | Spider:2 | Killed Arachne
 37051 | Spider:4 | Entered Level 4 of the Spider Nest
 37254 | Spider:3 | Reached XP level 18. HP: 184/184 MP: 17/17
 37520 | Spider:3 | Received a gift from Trog
 37707 | Spider:3 | Identified the +2 pair of gloves "Voydete" {rF+ Will++}
 37934 | Spider:3 | Acquired a manual of Armour
 37936 | Spider:3 | Acquired the +1 pair of boots of Sloth {rPois rF- rN+
                  | rCorr}
 37950 | Spider:3 | Acquired the +12 broad axe "Hyppubetz" {speed, rPois rC+
                  | Str+6 Dex-4}
 38242 | Spider:4 | Identified the +2 helmet of Higras {Harm Will+}
 38832 | Spider:4 | Reached skill level 1 in Evocations
 39037 | Spider:4 | Got a gossamer rune of Zot
 39214 | Spider:4 | Noticed Mlioglotl
 39232 | Spider:4 | Killed Mlioglotl
 39668 | Swamp:1  | Entered Level 1 of the Swamp
 39668 | Swamp:1  | Noticed a tentacled monstrosity
 39677 | Swamp:1  | Killed a tentacled monstrosity
 40845 | Trove    | Entered a treasure trove
 40856 | Trove    | Identified the ring "Viasmeyh" {rElec rC- Will+ Int+6 SInv}
 40873 | Trove    | Identified the amulet of Tattyas {Spirit Regen+ Int+4}
 40877 | Trove    | Identified the ring "Ecaronug" {rF++ rN+ Will+}
 42225 | Swamp:2  | Reached * piety under Trog
 42531 | Swamp:2  | Reached XP level 19. HP: 180/195 MP: 18/18
 43135 | Swamp:4  | Entered Level 4 of the Swamp
 44783 | Swamp:4  | Got a decaying rune of Zot
 44874 | Swamp:4  | Upgraded the game from 0.29.0-13-gc9e81de378 to
                  | 0.29.1-1-gd02db6906a
 45907 | Vaults:1 | Entered Level 1 of the Vaults
 46436 | Vaults:1 | Found Qasiazao's General Store.
 48434 | Vaults:2 | Noticed a bone dragon
 48447 | Vaults:2 | Killed a bone dragon
 48504 | Vaults:2 | Found a staircase to the Crypt.
 48843 | Vaults:2 | Reached XP level 20. HP: 207/207 MP: 17/19
 51702 | Vaults:4 | Received a gift from Trog
 52216 | Vaults:4 | Reached ****** piety under Trog
 52310 | Vaults:4 | Noticed Margery
 52316 | Vaults:4 | Killed Margery
 52317 | Vaults:4 | Reached XP level 21. HP: 218/218 MP: 20/20
 52334 | Vaults:4 | Received a gift from Trog
 52679 | Vaults:4 | Found Korakke Kofi's Weapon Emporium.
 53058 | Vaults:5 | Entered Level 5 of the Vaults
 53077 | Vaults:5 | Noticed an ancient lich
 53397 | Vaults:5 | Killed an ancient lich
 53590 | Vaults:5 | Noticed Boris
 53829 | Vaults:5 | Killed Boris
 54324 | Vaults:5 | Noticed a dread lich
 54334 | Vaults:5 | Killed a dread lich
 54340 | Vaults:5 | Noticed Sojobo
 54346 | Vaults:5 | Paralysed by an air elemental for 1 turns
 54349 | Vaults:5 | Paralysed by an air elemental for 1 turns
 54470 | Vaults:5 | Paralysed by an air elemental for 1 turns
 54537 | Vaults:5 | Received a gift from Trog
 54586 | Vaults:4 | Reached XP level 22. HP: 231/231 MP: 21/21
 54628 | Vaults:5 | Paralysed by an air elemental for 1 turns
 54648 | Vaults:5 | Killed Sojobo
 54702 | Vaults:5 | Identified the +9 flail of the Dark Horse {freeze, rPois
                  | Str+2}
 54702 | Vaults:5 | Identified the ring "Ehogg" {Will+ rCorr Str+6 Dex-3}
 54807 | Vaults:5 | Noticed Frederick
 54822 | Vaults:5 | Killed Frederick
 54846 | Vaults:5 | Identified the +5 plate armour of Indomitability {rN++
                  | Int+4}
 55033 | Vaults:5 | Noticed a dread lich
 55050 | Vaults:5 | Killed a dread lich
 55051 | Vaults:5 | Reached XP level 23. HP: 230/239 MP: 22/22
 55307 | Vaults:5 | Reached skill level 27 in Fighting
 55376 | Vaults:5 | Noticed Mara
 55393 | Vaults:5 | Killed Mara
 55544 | Vaults:5 | Received a gift from Trog
 55970 | Vaults:5 | Noticed a dread lich
 55981 | Vaults:5 | Killed a dread lich
 56447 | Vaults:5 | Identified the +5 short sword of Aniahaz {vorpal, Str+4}
 56532 | Vaults:5 | Identified the +2 robe of Indomitability {*Slow rElec
                  | Int+3}
 56558 | Vaults:5 | Identified the +8 hand axe "Efuronim" {protect, Will+ Str+6
                  | Dex+4}
 56571 | Vaults:5 | Got a silver rune of Zot
 57002 | Elf:1    | Received a gift from Trog
 57280 | Elf:1    | Paralysed by an air elemental for 1 turns
 57511 | Elf:1    | Found a runed translucent gate.
 57511 | Elf:1    | Found a runed translucent gate.
 57512 | Elf:1    | Found a runed translucent gate.
 57918 | Elf:2    | Received a gift from Trog
 58460 | Elf:2    | Found a runed translucent gate.
 58460 | Elf:2    | Found a runed translucent gate.
 58463 | Elf:2    | Found a runed translucent gate.
 58566 | Elf:2    | Received a gift from Trog
 58662 | Elf:2    | Reached skill level 27 in Shields
 58872 | Elf:3    | Entered Level 3 of the Elven Halls
 58907 | Elf:3    | Reached XP level 24. HP: 241/249 MP: 21/22
 59458 | Elf:3    | Received a gift from Trog
 59628 | Elf:3    | Identified the +1 leather armour of Philately {Rampage
                  | +Inv}
 59647 | Elf:3    | Identified the +9 broad axe "Ywaseitt" {vorpal, rElec rC+
                  | Will- Dex+5}
 59711 | Elf:3    | Found the +10 tower shield of Ignorance {rN+ Int-4}
 59711 | Elf:3    | Identified the +2 leather armour of Fortitude {Fly Int+3}
 59763 | Elf:3    | Identified the +4 mace "Ymopraud" {flame, +Blink Int+4}
 59766 | Elf:3    | Identified the +4 falchion "Aquar" {flame, Str+5 Int+4}
 59834 | Elf:3    | Identified the +1 helmet of Reason {Str+3}
 60400 | Slime:1  | Entered Level 1 of the Pits of Slime
 61297 | Slime:3  | Received a gift from Trog
 61574 | Slime:4  | Gained mutation: You occasionally lose the ability to read
                  | scrolls when taking damage. [a shining eye]
 62229 | Slime:5  | Entered Level 5 of the Pits of Slime
 62276 | Slime:5  | Noticed the Royal Jelly
 62430 | Slime:5  | Paralysed by a floating eye for 2 turns
 62440 | Slime:4  | HP: 12/249 [drowned by a quicksilver ooze[the Royal Jelly]
                  | (7)]
 62440 | Slime:4  | Mangled by a rockslime

Illustrated notes

Levels and vault maps discovered:
D:1:      dpeg_arrival_more_subterranean_lakeside_camping, layout_basic,
          minivault_14, due_unseen_surprise
D:2:      layout_loops_ring, minmay_misc_feat_ornament
D:3:      layout_basic, lemuel_tele_altar, portal_sewer_entry_c, dk_vineyard_3,
          feat_on_display
D:4:      layout_rooms, mainiacjoe_overflow_alcove_2, kennysheep_little_box,
          serial_bayou_pond_b, minmay_shop_mass, dk_noncrumbling_3,
          grunt_ministairs_3, uniq_duvessa
D:5:      layout_cave_pools, makhleb_heckhound_becter, minitemple,
          temple_doors_cd, nicolae_ossuary_entry_giza, uniq_pikel, uniq_menkaure
D:6:      layout_loops_ring, serial_shops, shop_fountains, shop_statue,
          grunt_ministairs_9, serial_bayou_ford_a
D:7:      layout_basic, columned_hall_lemuel, doesnt_shop_hydraphobe
D:8:      minmay_chambers_of_sixes, layout_cave_pools, enter_bailey_5,
          ebering_ghost_reflecting_pool
D:9:      layout_long_grid, lemuel_doored_altar, lemuel_round_altar,
          david_lair_shrubbed, kennysheep_orc_monster_closet_entryway,
          uniq_harold
D:10:     minmay_ornate_pinched, layout_rooms, trog_three_pillars_becter,
          serial_shops, nicolae_shop_competitors_out_of_business,
          kennysheep_mini, shop
D:11:     layout_stronghold, nicolae_concentric_dashed_squares_wild
D:12:     layout_loops_cross
D:13:     minmay_the_grid_net [minmay_the_grid_tiny_cups, minmay_the_grid_slots,
          minmay_the_grid_minigrid_medium, minmay_the_grid_holed_spiral,
          minmay_the_grid_medium_cups,
          minmay_the_grid_prize_four_corners_diamond_a], layout_layer_cave,
          grunt_vaults_entry_tiered, nicolae_trove_entry_isolated,
          nicolae_shop_overcharged_wands
D:14:     layout_roguey, portal_ice_cave_entry_pillars_three, uniq_azrael
D:15:     gammafunk_enter_depths_forms, layout_rooms, grunt_decor_junction,
          hangedman_abyss_or_decor_stagger
Temple:   minmay_freezing_vapour_temple
Lair:1:   layout_regular_city, chequers_serial_rivers_marsh
Lair:2:   layout_regular_city, chequers_serial_rivers_small_b,
          grunt_forest_large_clearing_hut, grunt_megastairs_5
Lair:3:   layout_loops_ring, skrybe_swamp_entry_bodies, spider_nest_entry_a,
          bobbens_dragon_lair_wall
Lair:4:   layout_concentric_octagons, slime_entry_2, beast_lair_carwin_11,
          grunt_megastairs_4
Lair:5:   hangedman_lair_caniforms_friends, layout_loops_ring,
          hangedman_lair_in_review
Swamp:1:  layout_falls_marsh, evilmike_swamp_ruin_rubble_2
Swamp:2:  layout_basic_swamp, serial_swamp_ruin, evilmike_swamp_ruin_house_3,
          evilmike_swamp_ruin_wall, evilmike_swamp_ruin_rubble_1,
          roderic_carrion_pond
Swamp:3:  layout_falls_marsh, infiniplex_staircase_pool
Swamp:4:  swamp_fiery, layout_basic_swamp, swamp_pool1
Spider:1: layout_spider_delve
Spider:2: layout_spider_delve, drop_trap, nicolae_arachne_temple
Spider:3: mumra_spider_spiderweb, nicolae_spider_checkerboard
Spider:4: grunt_spider_rune_circles, uniq_mlioglotl
Slime:1:  layout_caves
Slime:2:  layout_caves
Slime:3:  layout_caves
Slime:4:  layout_caves
Slime:5
Orc:1:    layout_caves
Orc:2:    st_orc_pillars, layout_caves, nicolae_orc_tapped_out
Elf:1:    layout_geoelf_octagon, minmay_elf_necromancy,
          nicolae_elf_hall_of_bonks
Elf:2:    nicolae_elf_blades_splatter_lattice [grunt_blade_entry_basic],
          layout_geoelf_octagon, minmay_elf_demonology
Elf:3:    minmay_elf_hall_x, layout_onion_city, nicolae_elf_martial_mastery
Vaults:1: v_pattern_5, nicolae_vaults_big_ls, hangedman_vaults_maws,
          vaults_dpeg_hooks, ontoclasm_vaults_decontamination,
          vaults_mumra_hexcomb, vaults_standard_mumra_lines, v_rooms_4,
          vaults_dpeg_emergency_exit, layout_vaults_quadrants, serial_shops,
          shop
Vaults:2: hangedman_vaults_pinch, nicolae_vaults_network_periphery,
          nicolae_vaults_little_squares_2, minmay_crypt_entry_nasty_monster,
          st_more_cells, vaults_standard_mumra_enter_the_diamond,
          hangedman_vaults_river_flow, hangedman_vaults_stitches,
          vaults_room_large_hall, nicolae_vaults_mini_display_case,
          nicolae_vaults_angled_halls, nicolae_vaults_ring_of_whatevers,
          ontoclasm_vaults_loading_screen, layout_vaults_omnibox
Vaults:3: hangedman_vaults_stagger, vaults_mumra_minichess_inversion, v_rooms_4,
          v_misc_2, nicolae_vaults_network_s, v_misc_31,
          hangedman_vaults_stretched_pinwheel, nicolae_vaults_asterisk,
          nicolae_vaults_holding_cells, ontoclasm_vaults_ligature,
          nicolae_vaults_specimen_jars, ontoclasm_vaults_twist,
          ontoclasm_vaults_fault, layout_vaults_ring
Vaults:4: vaults_dpeg_doors, v_pattern_4, v_misc_12, v_misc_8,
          vaults_room_door_hall, vaults_dpeg_encased_lava,
          vaults_room_door_hall, ontoclasm_vaults_shout,
          nicolae_vaults_diagonal_hallway_8, layout_vaults_chaotic_city,
          serial_shops, nicolae_shop_behind_doors, uniq_margery
Vaults:5: serial_shops, uniq_mara, uniq_sojobo, uniq_boris, uniq_frederick

Skill      XL: |  1  2  3  4  5  6  7  8  9 10 11 12 13 14 15 16 17 18 19 20 21 22 23 24 |
---------------+-------------------------------------------------------------------------+-----
Axes           | 4 5 7 8 9 11 14 16 17 18 19 20 22 24 26 | 26.7
Fighting       | 5 8 11 12 14 17 19 20 22 23 24 25 26 27 | 27.0
Armour         | 5 10 13 14 16 17 18 19 20 21 22 23 24 25 | 25.0
Shields        | 2 5 9 11 14 16 19 21 23 24 25 27 | 27.0
Evocations     | 1 |  1.4
Dodging        | |  2.1

Action                   |  1- 3 |  4- 6 |  7- 9 | 10-12 | 13-15 | 16-18 | 19-21 | 22-24 || total
-------------------------+-------+-------+-------+-------+-------+-------+-------+-------++-------
Melee: Hand axe          |    83 |       |       |       |       |       |       |       ||    83
       Headbutt          |    12 |    12 |    43 |   113 |   183 |   295 |   312 |   230 ||  1200
       War axe           |     6 |    93 |   242 |   395 |       |       |       |       ||   736
       Punch             |       |     1 |     1 |     1 |       |       |       |       ||     3
       Broad axe         |       |       |       |   113 |   762 |  1165 |  1132 |   893 ||  4065
       Flail             |       |       |       |     6 |    32 |    13 |       |       ||    51
Throw: Stone             |       |     4 |     6 |       |       |       |       |       ||    10
Invok: Berserk           |       |     4 |    18 |    27 |    19 |    15 |    11 |     1 ||    95
       Trog's Hand       |       |       |     9 |    19 |    22 |    37 |    24 |     9 ||   120
Evoke: Wand              |       |       |       |       |     1 |     4 |     5 |       ||    10
       Phial of floods   |       |       |       |       |       |     1 |       |       ||     1
  Use: Scroll            |     6 |     2 |     4 |    11 |    17 |    13 |     7 |     3 ||    63
       Potion            |       |       |       |     6 |       |     3 |     4 |     2 ||    15
 Stab: Distracted        |       |       |       |       |    13 |     3 |       |       ||    16
       Confused          |       |       |       |       |       |       |     3 |       ||     3
Armor: Leather armour    |    19 |       |       |       |       |       |       |       ||    19
       Chain mail        |    15 |    49 |    77 |       |       |       |       |       ||   141
       Plate armour      |       |       |     7 |   277 |   292 |   553 |   308 |   178 ||  1615
Dodge: Dodged            |    54 |    37 |    77 |   163 |   143 |   255 |   196 |    94 ||  1019
Block: Buckler           |       |       |       |    25 |       |       |       |       ||    25
       Kite shield       |       |       |       |   126 |   397 |   123 |       |       ||   646
       Tower shield      |       |       |       |       |       |  1020 |   861 |   617 ||  2498
